[Event "10th Beirut Open-ch 2019"]
[Site "Beirut"]
[Date "2019.05.01"]
[Round "7.3"]
[White "Bajarani, Ulvi"]
[Black "Kotanjian, Tigran"]
[Result "1/2-1/2"]
[ECO "E04"]
[WhiteElo "2470"]
[BlackElo "2458"]
[Annotator "ChessBase"]
[PlyCount "85"]
[EventDate "2019.04.25"]
[EventType "swiss"]
[EventRounds "9"]
[EventCountry "LBN"]
[SourceTitle "playchess.com"]
[Source "ChessBase"]
[SourceQuality "1"]
[TimeControl "5400+30"]

1. d4 d5 2. Nf3 Nf6 3. c4 e6 4. g3 dxc4 5. Bg2 c5 6. O-O Nc6 7. dxc5 Qxd1 8. Rxd1 Bxc5 9. Nbd2 c3 10. bxc3 O-O 11. Nb3 Be7 12. c4 Bd7 13. Bb2 Rfd8 14. Nfd4 Rac8 15. Nb5 b6 16. Rac1 a5 17. c5 bxc5 18. Nxc5 Be8 19. Nb7 Rxd1+ 20. Rxd1 Rb8 21. N5d6 Bxd6 22. Nxd6 Rxb2 23. Nxe8 Nd5 24. Bxd5 exd5 25. Rxd5 Rxa2 26. Rc5 Nd4 27. Nd6 g6 28. Rc4 Ra1+ 29. Kg2 Nxe2 30. Rc7 a4 31. Rc2 Nc1 32. Nb5 Nd3 33. Rc3 Ne1+ 34. Kf1 Nf3+ 35. Kg2 Nd2 36. Rc2 Nb3 37. Rc4 Ra2 38. g4 Kg7 39. g5 Nd2 40. Rf4 Rc2 41. Nd6 a3 42. Rxf7+ Kg8 43. Re7 1/2-1/2

[Event "10th Beirut Open-ch 2019"]
[Site "Beirut"]
[Date "2019.05.01"]
[Round "7.4"]
[White "Raetsky, Alexander"]
[Black "Kaloust, Giorgio"]
[Result "1-0"]
[ECO "A40"]
[WhiteElo "2394"]
[BlackElo "1919"]
[Annotator "ChessBase"]
[PlyCount "109"]
[EventDate "2019.04.25"]
[EventType "swiss"]
[EventRounds "9"]
[EventCountry "LBN"]
[SourceTitle "playchess.com"]
[Source "ChessBase"]
[SourceQuality "1"]
[TimeControl "5400+30"]

1. d4 Nf6 2. c4 e6 3. g3 Bb4+ 4. Nd2 d5 5. Bg2 O-O 6. Qc2 b6 7. Ngf3 Bb7 8. cxd5 exd5 9. O-O Re8 10. Re1 Nbd7 11. a3 Bd6 12. b4 c5 13. bxc5 bxc5 14. dxc5 Nxc5 15. Bb2 Rc8 16. Bh3 Rb8 17. Nd4 Qb6 18. Nf5 Bf8 19. Bd4 Rbc8 20. Rab1 Ne6 21. Qd3 Ba6 22. Bxb6 Bxd3 23. exd3 axb6 24. Nf3 Rc3 25. Bf1 Rb8 26. a4 g6 27. N5d4 Nxd4 28. Nxd4 Bc5 29. Nb5 Rc2 30. d4 Bf8 31. Bd3 Rd2 32. Red1 Ra2 33. Ra1 Rxa1 34. Rxa1 Ne4 35. Nc7 Nd2 36. Nxd5 Nf3+ 37. Kg2 Nxd4 38. Rb1 Bc5 39. a5 b5 40. Nf6+ Kg7 41. Nd7 Rc8 42. Rc1 Ne6 43. Bxb5 Ra8 44. Nxc5 Nxc5 45. Rxc5 Rxa5 46. Rd5 h6 47. Bc6 Ra6 48. Bb7 Rf6 49. Rd7 g5 50. f3 Rb6 51. Bd5 Rf6 52. Kf2 Kg6 53. Ke3 Kg7 54. Ke4 Kg6 55. Rc7 1-0

[Event "10th Beirut Open-ch 2019"]
[Site "Beirut"]
[Date "2019.05.01"]
[Round "7.5"]
[White "Dimitrijevic, Aleksandra"]
[Black "Eid, Fadi"]
[Result "1/2-1/2"]
[ECO "A10"]
[WhiteElo "2164"]
[BlackElo "2331"]
[Annotator "NA"]
[PlyCount "61"]
[EventDate "2019.04.25"]
[EventType "swiss"]
[EventRounds "9"]
[EventCountry "LBN"]
[SourceTitle "playchess.com"]
[Source "ChessBase"]
[SourceQuality "1"]
[TimeControl "5400+30"]

1. c4 b6 2. Nf3 Bb7 3. e3 e6 4. b3 Nf6 5. Bb2 g6 6. Be2 Bg7 7. Qc2 O-O 8. d3 c5 9. Nbd2 Nc6 10. a3 d5 11. Nf1 Nd7 12. Bxg7 Kxg7 13. Ng3 Qf6 14. O-O h5 15. h3 Rh8 16. Nh2 Ne7 17. f4 dxc4 18. bxc4 Nf5 19. Nxf5+ exf5 20. Rae1 Rhe8 21. Bf3 Bxf3 22. Nxf3 Re7 23. Ng5 Qd6 24. Qc3+ Kg8 25. Re2 Nf8 26. Rd1 Rae8 27. Rde1 Rd8 28. Rd2 Rde8 29. Rde2 Rd8 30. Rd2 Rde8 31. Rde2 1/2-1/2

[Event "10th Beirut Open-ch 2019"]
[Site "Beirut"]
[Date "2019.05.01"]
[Round "7.6"]
[White "El Jawich, Amro"]
[Black "EL Mahmoud, AbdulAziz"]
[Result "1-0"]
[ECO "B06"]
[WhiteElo "2238"]
[BlackElo "2108"]
[Annotator "NA"]
[PlyCount "83"]
[EventDate "2019.04.25"]
[EventType "swiss"]
[EventRounds "9"]
[EventCountry "LBN"]
[SourceTitle "playchess.com"]
[Source "ChessBase"]
[SourceQuality "1"]
[TimeControl "5400+30"]

1. e4 g6 2. d4 Bg7 3. Nc3 d6 4. Be3 a6 5. f4 b5 6. Nf3 Nd7 7. Bd3 Bb7 8. Qe2 Rc8 9. a4 b4 10. Nd1 a5 11. O-O e6 12. Nf2 Ne7 13. e5 Bxf3 14. Qxf3 d5 15. g4 h5 16. h3 hxg4 17. hxg4 c5 18. dxc5 Nxc5 19. Bb5+ Kf8 20. Kg2 Ne4 21. Nxe4 dxe4 22. Qxe4 Qd5 23. Bd3 g5 24. Rf3 Qxe4 25. Bxe4 Nd5 26. Bxd5 Rxc2+ 27. Rf2 Rxf2+ 28. Bxf2 exd5 29. Rd1 gxf4 30. Rxd5 Ke7 31. Rxa5 Ke6 32. Rb5 Bxe5 33. Rxb4 Rd8 34. Rb6+ Kd5 35. Kf3 Rc8 36. Rb5+ Ke6 37. a5 Rc2 38. a6 Bxb2 39. Rb6+ Kd5 40. a7 Rc3+ 41. Kg2 f3+ 42. Kg3 1-0

[Event "10th Beirut Open-ch 2019"]
[Site "Beirut"]
[Date "2019.05.01"]
[Round "7.7"]
[White "Novikova, Margarita"]
[Black "Najjar, Ahmad"]
[Result "1/2-1/2"]
[ECO "B27"]
[WhiteElo "2032"]
[BlackElo "2233"]
[Annotator "NA"]
[PlyCount "63"]
[EventDate "2019.04.25"]
[EventType "swiss"]
[EventRounds "9"]
[EventCountry "LBN"]
[SourceTitle "playchess.com"]
[Source "ChessBase"]
[SourceQuality "1"]
[TimeControl "5400+30"]

1. e4 c5 2. Nf3 g6 3. c3 Bg7 4. d4 cxd4 5. cxd4 d5 6. e5 Nc6 7. h3 f6 8. Bb5 fxe5 9. dxe5 e6 10. O-O Nge7 11. b3 O-O 12. Qe2 Bd7 13. Bxc6 Nxc6 14. Nbd2 Qb6 15. Ba3 Nb4 16. Qe3 Qa5 17. Bxb4 Qxb4 18. Nd4 Rac8 19. N2f3 Rc3 20. a3 Qc5 21. Rac1 Rc8 22. Rxc3 Qxc3 23. Qg5 Qc5 24. Ra1 Qf8 25. Qg4 Bh6 26. Ng5 Qe7 27. h4 Bg7 28. Ngf3 Bh6 29. Ng5 Rc3 30. Qf4 Bxg5 31. hxg5 Qf8 32. Qd2 1/2-1/2

[Event "10th Beirut Open-ch 2019"]
[Site "Beirut"]
[Date "2019.05.01"]
[Round "7.8"]
[White "Eiti, Bashir"]
[Black "Moudallal, Tarek"]
[Result "1-0"]
[ECO "A48"]
[WhiteElo "2352"]
[BlackElo "2043"]
[PlyCount "69"]
[EventDate "2019.04.25"]
[EventType "swiss"]
[EventRounds "9"]
[EventCountry "LBN"]
[TimeControl "5400+30"]

1. d4 Nf6 2. Nf3 g6 3. Bg5 Bg7 4. Nbd2 d6 5. c3 h6 6. Bh4 Nbd7 7. e4 O-O 8. Bc4 e5 9. dxe5 dxe5 10. O-O c6 11. Re1 b5 12. Bf1 Rb8 13. Qc2 Qb6 14. a4 a5 15. b4 Ra8 16. Nb3 axb4 17. a5 Qd8 18. cxb4 Bb7 19. Nc5 Nxc5 20. Qxc5 g5 21. Bg3 Nd7 22. Qd6 Qe8 23. Rad1 Rd8 24. h3 f6 25. Qc7 Ba8 26. Bd3 Qe7 27. Bb1 Rfe8 28. Rd2 Bf8 29. Qa7 c5 30. Red1 Nb8 31. Qxa8 Rxd2 32. Rxd2 c4 33. Qd5+ Kg7 34. Qxb5 Rd8 35. Qxc4 1-0

[Event "10th Beirut Open-ch 2019"]
[Site "Beirut"]
[Date "2019.05.01"]
[Round "7.9"]
[White "Ivanov, Mikhail M"]
[Black "Asmar, Elie"]
[Result "1/2-1/2"]
[ECO "A12"]
[WhiteElo "2372"]
[BlackElo "2009"]
[PlyCount "90"]
[EventDate "2019.04.25"]
[EventType "swiss"]
[EventRounds "9"]
[EventCountry "LBN"]
[TimeControl "5400+30"]

1. Nf3 Nf6 2. b3 d5 3. Bb2 Bf5 4. g3 e6 5. Bg2 Be7 6. d3 O-O 7. Nbd2 h6 8. c4 c6 9. O-O Nbd7 10. Rc1 a5 11. a3 Bh7 12. Rc2 Ne8 13. Qa1 Bf6 14. Rfc1 Bxb2 15. Qxb2 Qf6 16. cxd5 exd5 17. Bh3 Qxb2 18. Rxb2 Ndf6 19. Nd4 Nd6 20. Nf1 Rfe8 21. Ne3 Re5 22. Rc5 Re7 23. b4 axb4 24. axb4 Ra4 25. Rc1 Nfe8 26. Nd1 Nc7 27. Nc3 Ra8 28. Bg2 Nf5 29. Nb3 Nd6 30. Nc5 Ncb5 31. N3a4 Bf5 32. Nb6 Rae8 33. e3 g5 34. Bxd5 cxd5 35. Nxd5 b6 36. Nxe7+ Rxe7 37. Na4 Bxd3 38. Nxb6 Be4 39. Nc8 Nxc8 40. Rxc8+ Kg7 41. Rc5 Nd6 42. b5 Bf3 43. b6 Nb7 44. Rc7 Re6 45. h3 h5 $11 1/2-1/2

[Event "10th Beirut Open-ch 2019"]
[Site "Beirut"]
[Date "2019.05.01"]
[Round "7.10"]
[White "Khairallah, Faisal"]
[Black "Moughames, Ronald"]
[Result "1-0"]
[ECO "E91"]
[WhiteElo "2255"]
[BlackElo "1721"]
[PlyCount "73"]
[EventDate "2019.04.25"]
[EventType "swiss"]
[EventRounds "9"]
[EventCountry "LBN"]
[TimeControl "5400+30"]

1. d4 Nf6 2. c4 g6 3. Nc3 Bg7 4. e4 d6 5. Nf3 O-O 6. Be2 c5 7. d5 Na6 8. O-O e6 9. dxe6 Bxe6 10. Bf4 Qb6 11. Qb3 Qc6 12. Qb5 Qc7 13. Rad1 Rfd8 14. Qb3 Qc6 15. e5 Ne4 16. Nd5 Bxd5 17. cxd5 Qb6 18. Qc2 dxe5 19. Nxe5 Nd6 20. Nc4 Nxc4 21. Bxc4 Nb4 22. Qb3 Qf6 23. Bc7 Qxb2 24. Qxb2 Bxb2 25. Bxd8 Rxd8 26. Rb1 Bd4 27. a3 Nxd5 28. Rxb7 a5 29. Rfb1 Kg7 30. Ra7 a4 31. Rbb7 Nc3 32. Rxf7+ Kh6 33. Rxh7+ Kg5 34. h4+ Kf4 35. g3+ Kg4 36. Rhf7 Be5 37. Be6+ 1-0

[Event "10th Beirut Open-ch 2019"]
[Site "Beirut"]
[Date "2019.05.01"]
[Round "7.11"]
[White "Sursock, Sameer"]
[Black "Haidar, Wassim"]
[Result "1-0"]
[ECO "A05"]
[WhiteElo "2048"]
[BlackElo "1707"]
[PlyCount "61"]
[EventDate "2019.04.25"]
[EventType "swiss"]
[EventRounds "9"]
[EventCountry "LBN"]
[TimeControl "5400+30"]

1. Nf3 Nf6 2. g3 b6 3. Bg2 Bb7 4. O-O c5 5. d3 e6 6. e4 d6 7. Re1 Nbd7 8. Nc3 a6 9. d4 cxd4 10. Nxd4 Qc7 11. f4 Be7 12. Be3 O-O 13. Bf2 Ne8 14. f5 e5 15. Nb3 Rc8 16. a4 h6 17. h4 Nef6 18. g4 Nh7 19. Re3 Qd8 20. Rh3 Nc5 21. Nxc5 bxc5 22. Qd2 f6 23. Bf1 Kf7 24. Bc4+ Ke8 25. Nd5 Bxd5 26. Bxd5 Qc7 27. Rb3 Rb8 28. Raa3 Rxb3 29. Rxb3 Bd8 30. Rb7 Qa5 31. Bc6# 1-0

[Event "10th Beirut Open-ch 2019"]
[Site "Beirut"]
[Date "2019.05.01"]
[Round "7.12"]
[White "Khoder, Akram"]
[Black "Sharbel, Marwan"]
[Result "1-0"]
[ECO "A11"]
[WhiteElo "1608"]
[BlackElo "1973"]
[PlyCount "105"]
[EventDate "2019.04.25"]
[EventType "swiss"]
[EventRounds "9"]
[EventCountry "LBN"]
[TimeControl "5400+30"]

1. c4 c6 2. g3 d5 3. cxd5 cxd5 4. Bg2 Nf6 5. d3 g6 6. Nc3 Bg7 7. Bg5 Nbd7 8. Nf3 h6 9. Bf4 g5 10. Bd2 O-O 11. O-O e5 12. e4 d4 13. Nb5 Qb6 14. a4 a6 15. Na3 Rd8 16. Nc4 Qc5 17. Rc1 Qe7 18. Ba5 Re8 19. Bc7 Nh7 20. Nd6 Rf8 21. Nf5 Qf6 22. a5 Re8 23. Nd2 Bf8 24. Nc4 Re6 25. f4 exf4 26. gxf4 Rc6 27. fxg5 Qxg5 28. Bf4 Qg6 29. Bxh6 b5 30. axb6 Nxb6 31. Ne5 Rxc1 32. Nxg6 Rxd1 33. Nge7+ Bxe7 34. Nxe7+ Kh8 35. Rxd1 Be6 36. Nc6 Rg8 37. Nxd4 Bh3 38. Rd2 Nf6 39. Kf1 Bd7 40. Bf4 Kh7 41. Nf3 Bb5 42. Ng5+ Kg6 43. Bh3 Nh5 44. Be3 Nc8 45. Bf5+ Kf6 46. Bxc8 Rxc8 47. Rf2+ Kg6 48. Rd2 Nf6 49. Kg2 Ng4 50. Bf4 f5 51. h3 Nf6 52. Kf3 Nh5 53. Ne6 1-0

[Event "10th Beirut Open-ch 2019"]
[Site "Beirut"]
[Date "2019.05.01"]
[Round "7.13"]
[White "Al Salman, Mohamad"]
[Black "Nassar, Marc"]
[Result "0-1"]
[ECO "A43"]
[WhiteElo "1958"]
[BlackElo "1909"]
[PlyCount "132"]
[EventDate "2019.04.25"]
[EventType "swiss"]
[EventRounds "9"]
[EventCountry "LBN"]
[TimeControl "5400+30"]

1. d4 c5 2. d5 f5 3. c4 Nf6 4. Nc3 g6 5. Bg5 Bg7 6. Nf3 d6 7. e3 Na6 8. Bd3 Nc7 9. O-O O-O 10. e4 Nxe4 11. Nxe4 fxe4 12. Bxe4 Bxb2 13. Bh6 Bg7 14. Bxg7 Kxg7 15. Qd3 Rf6 16. Rae1 Rb8 17. a4 b6 18. h4 Bd7 19. Nh2 Qf8 20. Qc3 Kg8 21. Bc2 Re8 22. Qg3 Rf4 23. Be4 Qf6 24. h5 g5 25. Qd3 Qf7 26. g3 Rf6 27. Qd1 Rf8 28. Qe2 Kh8 29. Bg2 Re8 30. Ng4 Bxg4 31. Qxg4 Rf8 32. Re2 Rf5 33. Bh3 Re5 34. Rxe5 dxe5 35. Qxg5 Qf6 36. Qe3 Ne8 37. f4 exf4 38. Rxf4 Qa1+ 39. Bf1 Rxf4 40. Qxf4 Qf6 41. Qb8 Qf8 42. Qxa7 Qh6 43. Qxe7 Nd6 44. Qe5+ Kg8 45. g4 Nf7 46. Qb8+ Kg7 47. Qg3 Qd2 48. Qf2 Qg5 49. Be2 Ne5 50. Kg2 Qd2 51. Kg3 Qc3+ 52. Kh4 h6 53. Qg3 Qd4 54. Kh3 Nf7 55. Kh2 Qb2 56. Qe3 Qf6 57. Kg3 Ng5 58. Bd3 Nf7 59. Bg6 Ng5 60. Bf5 Nf7 61. Qe6 Qc3+ 62. Kh4 Qf3 63. Qg6+ Kf8 64. Be4 Qf2+ 65. Kh3 Ng5+ 66. Qxg5 hxg5 0-1

[Event "10th Beirut Open-ch 2019"]
[Site "Beirut"]
[Date "2019.05.01"]
[Round "7.14"]
[White "Berbari, Imad"]
[Black "Hariri, Nizar"]
[Result "0-1"]
[ECO "C02"]
[WhiteElo "1666"]
[BlackElo "1958"]
[PlyCount "122"]
[EventDate "2019.04.25"]
[EventType "swiss"]
[EventRounds "9"]
[EventCountry "LBN"]
[TimeControl "5400+30"]

1. e4 e6 2. d4 d5 3. e5 c5 4. c3 Nc6 5. Nf3 Qb6 6. Bd3 Nh6 7. O-O cxd4 8. cxd4 Nf5 9. Bxf5 exf5 10. Nc3 Be6 11. a3 Be7 12. b4 h6 13. Na4 Qc7 14. Nc5 O-O 15. Nxe6 fxe6 16. g3 b5 17. Bd2 Qb6 18. Be3 a5 19. bxa5 Rxa5 20. Qd3 Rfa8 21. Rfb1 Bxa3 22. Nh4 Bb4 23. Rxa5 Qxa5 24. Ng6 Rb8 25. Nf4 Nd8 26. Qe2 Bf8 27. Qh5 Qc7 28. Qe2 b4 29. Qa6 Qb6 30. Qa4 Qb5 31. Qb3 Qe8 32. h4 Nc6 33. Ra1 Qf7 34. Ra6 Nd8 35. Bd2 Qb7 36. Ra4 Kf7 37. h5 Nc6 38. Be3 Qb5 39. Ra1 Qc4 40. Qd1 b3 41. g4 Qc2 42. Qf3 b2 43. Rf1 b1=Q 44. Rxb1 Rxb1+ 45. Kh2 Qe4 46. Qxe4 fxe4 47. Ng6 Rd1 48. g5 hxg5 49. Bxg5 Nxd4 50. Be3 Nf5 51. Bb6 d4 52. Nf4 Rb1 53. Ba5 Rb2 54. Kg1 d3 55. Kf1 Bc5 56. Nh3 e3 57. Ng5+ Ke7 58. fxe3 Bxe3 59. Ne4 Nh4 60. Bc3 Rb1+ 61. Be1 Nf3 0-1

[Event "10th Beirut Open-ch 2019"]
[Site "Beirut"]
[Date "2019.05.01"]
[Round "7.15"]
[White "Hanna, Elie"]
[Black "Hassweh, Mwaffaq"]
[Result "0-1"]
[ECO "C55"]
[WhiteElo "1726"]
[BlackElo "1866"]
[PlyCount "116"]
[EventDate "2019.04.25"]
[EventType "swiss"]
[EventRounds "9"]
[EventCountry "LBN"]
[TimeControl "5400+30"]

1. e4 e5 2. Nf3 Nf6 3. Nc3 Nc6 4. Bc4 Nxe4 5. Nxe4 d5 6. Bd3 f5 7. Nxe5 fxe4 8. Bb5 Qf6 9. d4 a6 10. Bxc6+ bxc6 11. f4 Be7 12. c4 a5 13. Qa4 Bb4+ 14. Ke2 Ba6 15. a3 Be7 16. b3 dxc4 17. bxc4 O-O 18. Nxc6 Bd6 19. Be3 Qe6 20. g3 Bxc4+ 21. Kd2 Ra6 22. Nxa5 Bd5 23. f5 Qxf5 24. Raf1 Qh3 25. Qb5 Qe6 26. Rxf8+ Bxf8 27. Rf1 Rb6 28. Qa4 Rb2+ 29. Kc3 Rxh2 30. Qb5 Qd6 31. Qc5 Qxc5+ 32. dxc5 Be7 33. Kd4 c6 34. Ke5 Re2 35. Bg1 Ra2 36. Rb1 Rxa3 37. Rb8+ Kf7 38. Nb7 Rxg3 39. Nd6+ Kg6 40. Re8 Bf6+ 41. Kf4 Rxg1 42. Nxe4 Bxe4 43. Rxe4 Rc1 44. Kg4 Rxc5 45. Kh3 h5 46. Re2 Rc3+ 47. Kh2 Kf5 48. Rf2+ Ke4 49. Rd2 Be5+ 50. Kg2 Rg3+ 51. Kf2 Rh3 52. Kg1 Bd4+ 53. Kg2 Ra3 54. Re2+ Be3 55. Kg3 g5 56. Kh3 Kf3 57. Rg2 g4+ 58. Kh4 Kxg2 0-1

[Event "10th Beirut Open-ch 2019"]
[Site "Beirut"]
[Date "2019.05.01"]
[Round "7.16"]
[White "Ghnatios, Ralph"]
[Black "Salman, Samer"]
[Result "1-0"]
[ECO "C77"]
[WhiteElo "1838"]
[BlackElo "1505"]
[PlyCount "63"]
[EventDate "2019.04.25"]
[EventType "swiss"]
[EventRounds "9"]
[EventCountry "LBN"]
[TimeControl "5400+30"]

1. e4 e5 2. Nf3 Nc6 3. Bb5 a6 4. Ba4 Nf6 5. d4 Nxd4 6. Nxd4 exd4 7. e5 Qe7 8. O-O Nd5 9. Qxd4 Qc5 10. c3 Qxd4 11. cxd4 b5 12. Bb3 Bb7 13. Nc3 Nb4 14. Rd1 d6 15. d5 c6 16. dxc6 Nxc6 17. exd6 O-O-O 18. Bf4 g5 19. d7+ Rxd7 20. Rxd7 Kxd7 21. Rd1+ Kc8 22. Bg3 Nd8 23. Nd5 Bxd5 24. Bxd5 Ne6 25. Be5 Rg8 26. Rc1+ Kd7 27. Rc6 a5 28. Rb6 b4 29. Rb7+ Ke8 30. Bc6+ Kd8 31. Rb8+ Ke7 32. Re8# 1-0

[Event "10th Beirut Open-ch 2019"]
[Site "Beirut"]
[Date "2019.05.01"]
[Round "7.17"]
[White "Bedrosian, Danielle"]
[Black "Attieh, Wael"]
[Result "1/2-1/2"]
[ECO "A01"]
[WhiteElo "1676"]
[BlackElo "1823"]
[PlyCount "84"]
[EventDate "2019.04.25"]
[EventType "swiss"]
[EventRounds "9"]
[EventCountry "LBN"]
[TimeControl "5400+30"]

1. b3 e5 2. Bb2 Nc6 3. g3 Nf6 4. Bg2 d6 5. d3 Be7 6. Nd2 Be6 7. e3 Qd7 8. h3 O-O 9. Ne2 Nd5 10. c4 Nb6 11. g4 d5 12. Ng3 d4 13. O-O Bd6 14. Nf3 Qe7 15. a3 Qd7 16. Bc1 Ne7 17. Nf5 Bxf5 18. gxf5 f6 19. Nh4 g5 20. Qg4 Kh8 21. Nf3 Qe8 22. Nh2 h5 23. Qe2 Qf7 24. Bf3 h4 25. Ng4 Nd7 26. Bd2 Qh7 27. e4 Ng8 28. Qe1 b6 29. b4 c5 30. Bd1 Qe7 31. Qe2 Qh7 32. Bb3 Nh6 33. f3 Nxg4 34. fxg4 Qe7 35. Rfb1 cxb4 36. axb4 Bxb4 37. Bxb4 Qxb4 38. Ba4 Qd6 39. Qb2 Rfc8 40. Kf2 Nc5 41. Ke2 Nxa4 42. Rxa4 Re8 1/2-1/2

[Event "10th Beirut Open-ch 2019"]
[Site "Beirut"]
[Date "2019.05.01"]
[Round "7.18"]
[White "Slim, Nadim"]
[Black "Arkadan, Adib"]
[Result "1/2-1/2"]
[ECO "B43"]
[WhiteElo "1781"]
[BlackElo "1686"]
[PlyCount "60"]
[EventDate "2019.04.25"]
[EventType "swiss"]
[EventRounds "9"]
[EventCountry "LBN"]
[TimeControl "5400+30"]

1. e4 c5 2. Nf3 e6 3. d4 cxd4 4. Nxd4 a6 5. Nc3 Qc7 6. a3 Nf6 7. Be3 Be7 8. Be2 O-O 9. O-O b5 10. f4 d6 11. g4 Bb7 12. Bd3 Nc6 13. g5 Nd7 14. Qh5 Nxd4 15. Bxd4 e5 16. Be3 f6 17. g6 h6 18. f5 Rfb8 19. Bxh6 gxh6 20. Qxh6 Nf8 21. Rf3 Bd8 22. g7 Nh7 23. Rh3 Qxg7+ 24. Rg3 Ng5 25. Qxg7+ Kxg7 26. h4 Be7 27. hxg5 fxg5 28. Kg2 Rh8 29. Rh1 Rxh1 30. Kxh1 Rh8+ 1/2-1/2

[Event "10th Beirut Open-ch 2019"]
[Site "Beirut"]
[Date "2019.05.01"]
[Round "7.19"]
[White "Al Azmi, Khalaf"]
[Black "Hasan Ali Prince"]
[Result "0-1"]
[ECO "B92"]
[WhiteElo "1740"]
[BlackElo "1854"]
[PlyCount "82"]
[EventDate "2019.04.25"]
[EventType "swiss"]
[EventRounds "9"]
[EventCountry "LBN"]
[TimeControl "5400+30"]

1. e4 c5 2. Nf3 d6 3. d4 cxd4 4. Nxd4 Nf6 5. Nc3 a6 6. Be2 e5 7. Nb3 Be6 8. Be3 Be7 9. Nd5 Nxd5 10. exd5 Bf5 11. O-O O-O 12. c4 Nd7 13. f4 exf4 14. Bxf4 Bg6 15. Bd3 Rc8 16. Rc1 Qb6+ 17. Kh1 Bf6 18. Rc2 Ne5 19. Bxg6 Nxg6 20. Bd2 Qd8 21. Na5 Qd7 22. b4 Be5 23. Be3 Rfe8 24. Rcf2 Qe7 25. Bd4 Qh4 26. Bxe5 Nxe5 27. Rf4 Qh6 28. Qd4 Re7 29. c5 Qg6 30. Nc4 dxc5 31. bxc5 Nd3 32. Rf5 Qxf5 33. Ra1 Nxc5 34. Nd6 Qd7 35. Nxc8 Qxc8 36. h3 h6 37. Rc1 b6 38. Qc4 Qd8 39. Rd1 Rd7 40. Qd4 Rd6 41. a4 a5 0-1

[Event "10th Beirut Open-ch 2019"]
[Site "Beirut"]
[Date "2019.05.01"]
[Round "7.20"]
[White "Terzian, Kevork"]
[Black "Khechen, Nabil E"]
[Result "0-1"]
[ECO "A05"]
[WhiteElo "1731"]
[BlackElo "1933"]
[PlyCount "62"]
[EventDate "2019.04.25"]
[EventType "swiss"]
[EventRounds "9"]
[EventCountry "LBN"]
[TimeControl "5400+30"]

1. Nf3 Nf6 2. g3 c5 3. Bg2 Nc6 4. d3 g6 5. e4 Bg7 6. c3 d6 7. Nbd2 O-O 8. O-O Ne8 9. Nc4 b5 10. Ne3 Rb8 11. Bd2 b4 12. Qc2 a5 13. b3 Nc7 14. Rac1 Nb5 15. Nc4 bxc3 16. Be1 Nb4 17. Qe2 Nd4 18. Nxd4 cxd4 19. a3 Na6 20. Qc2 Nc5 21. Rb1 Ba6 22. b4 axb4 23. axb4 Nxe4 24. f3 Nf6 25. Bf2 Nd5 26. Qa4 Bb5 27. Qa3 Nc7 28. f4 d5 29. Ne5 Bxe5 30. fxe5 Bxd3 31. Bxd4 Nb5 0-1

[Event "10th Beirut Open-ch 2019"]
[Site "Beirut"]
[Date "2019.05.01"]
[Round "7.21"]
[White "Salameh, Sleiman"]
[Black "Muhssen, Fared Saleh"]
[Result "1-0"]
[ECO "B48"]
[WhiteElo "1621"]
[BlackElo "1898"]
[PlyCount "67"]
[EventDate "2019.04.25"]
[EventType "swiss"]
[EventRounds "9"]
[EventCountry "LBN"]
[TimeControl "5400+30"]

1. e4 c5 2. Nf3 e6 3. d4 cxd4 4. Nxd4 a6 5. Nc3 Qc7 6. a3 Nf6 7. Be2 Be7 8. O-O Nc6 9. Be3 O-O 10. Qd2 d6 11. f4 Bd7 12. Bf3 Rac8 13. Nde2 b5 14. Rac1 Rfd8 15. Qe1 b4 16. Na4 Rb8 17. Qf2 Rf8 18. Nb6 Be8 19. a4 Nd7 20. Nc4 Na5 21. Nxa5 Qxa5 22. b3 Nc5 23. Nd4 Bd7 24. e5 Rbc8 25. Qg3 Kh8 26. Qe1 Rc7 27. Rf2 Qb6 28. Rd2 f6 29. exd6 Bxd6 30. Rcd1 Rd8 31. Qf2 Bc8 32. a5 Qxa5 33. Nc6 Rxc6 34. Bxc6 1-0

[Event "10th Beirut Open-ch 2019"]
[Site "Beirut"]
[Date "2019.05.01"]
[Round "7.22"]
[White "Tarraf, Tarraf"]
[Black "Habash, Mohamad"]
[Result "1-0"]
[ECO "E62"]
[WhiteElo "1647"]
[BlackElo "1806"]
[PlyCount "60"]
[EventDate "2019.04.25"]
[EventType "swiss"]
[EventRounds "9"]
[EventCountry "LBN"]
[TimeControl "5400+30"]

1. c4 Nf6 2. g3 g6 3. Bg2 Bg7 4. Nf3 d6 5. d4 c6 6. Nc3 O-O 7. O-O Bg4 8. h3 Bd7 9. Qc2 Na6 10. a3 Rc8 11. e4 b5 12. e5 Bf5 13. Qe2 dxe5 14. dxe5 Nd7 15. Rd1 Qc7 16. Bf4 Be6 17. cxb5 cxb5 18. Nxb5 Qb8 19. Nbd4 Bc4 20. Qe3 e6 21. b4 Nb6 22. Bh6 Nd5 23. Qg5 f6 24. Qh4 Nc3 25. Bxg7 Kxg7 26. exf6+ Rxf6 27. Ng5 h6 28. Ngxe6+ Bxe6 29. Nxe6+ Rxe6 30. Rd7+ Kg8 1-0

[Event "10th Beirut Open-ch 2019"]
[Site "Beirut"]
[Date "2019.05.01"]
[Round "7.23"]
[White "Kabalan, Farah"]
[Black "Jabr, Bernard"]
[Result "1/2-1/2"]
[ECO "B06"]
[WhiteElo "1602"]
[BlackElo "1679"]
[PlyCount "62"]
[EventDate "2019.04.25"]
[EventType "swiss"]
[EventRounds "9"]
[EventCountry "LBN"]
[TimeControl "5400+30"]

1. e4 g6 2. d4 Bg7 3. Be3 b6 4. Nc3 Bb7 5. Be2 d6 6. Nf3 Nd7 7. O-O e6 8. a3 Ne7 9. Qe1 a6 10. Bd3 O-O 11. Nd1 c5 12. c3 f5 13. Bd2 h6 14. b4 Kh7 15. h3 Rc8 16. Nb2 d5 17. e5 c4 18. Bc2 b5 19. Nd1 Ra8 20. Qe2 a5 21. Re1 axb4 22. cxb4 Nb6 23. Nc3 Bc6 24. Reb1 Ra6 25. Rb2 Qa8 26. Rba2 Qa7 27. Bc1 Ra8 28. Bb2 Be8 29. Ne1 Na4 30. Bd1 Nxb2 31. Qxb2 Bf8 1/2-1/2

[Event "10th Beirut Open-ch 2019"]
[Site "Beirut"]
[Date "2019.05.01"]
[Round "7.24"]
[White "Eid, Wissam"]
[Black "Al Onizan, Fahad M"]
[Result "0-1"]
[ECO "B40"]
[WhiteElo "1568"]
[BlackElo "1822"]
[PlyCount "88"]
[EventDate "2019.04.25"]
[EventType "swiss"]
[EventRounds "9"]
[EventCountry "LBN"]
[TimeControl "5400+30"]

1. e4 c5 2. Nf3 e6 3. d4 cxd4 4. Nxd4 Nf6 5. Nc3 Bb4 6. f3 a6 7. Bd3 Qc7 8. Bd2 b5 9. a4 Nc6 10. Nde2 bxa4 11. Rxa4 Bc5 12. Na2 Qb6 13. b4 Bf2+ 14. Kf1 Ne5 15. Nac1 Nfg4 16. c3 Bh4 17. Nd4 Nf2 18. Qe2 Nxh1 19. Be3 Qb8 20. f4 Nxd3 21. Nxd3 Be7 22. Kg1 Bb7 23. Qg4 Bxe4 24. Qxg7 Rf8 25. Ne5 Qc7 26. Ne2 h5 27. Kxh1 d6 28. Nf3 Qc6 29. b5 axb5 30. Rxa8+ Qxa8 31. Ned4 Qa1+ 32. Bg1 Qxc3 33. Qh6 Rg8 34. Qxh5 Qb2 35. Qxb5+ Qxb5 36. Nxb5 Bxf3 37. gxf3 f5 38. Bf2 Kd7 39. Bg3 Bf6 40. Kg2 Rb8 41. Na3 d5 42. Bf2 Rb2 43. Kf1 Kc6 44. Kg2 Bd4 0-1

[Event "10th Beirut Open-ch 2019"]
[Site "Beirut"]
[Date "2019.05.02"]
[Round "8.1"]
[White "Bernadskiy, Vitaliy"]
[Black "Bajarani, Ulvi"]
[Result "1/2-1/2"]
[ECO "E21"]
[WhiteElo "2587"]
[BlackElo "2470"]
[Annotator "RC"]
[PlyCount "78"]
[EventDate "2019.04.25"]
[EventType "swiss"]
[EventRounds "9"]
[EventCountry "LBN"]
[SourceTitle "playchess.com"]
[Source "ChessBase"]
[SourceQuality "1"]
[TimeControl "5400+30"]

1. d4 e6 2. c4 Nf6 3. Nc3 Bb4 4. Nf3 b6 5. e3 O-O 6. Bd3 d5 7. cxd5 exd5 8. Ne5 Bb7 9. O-O Nbd7 10. f4 c5 11. Bd2 Qe7 12. a3 Bxc3 13. Bxc3 Rfd8 14. Qe1 Nf8 15. Qh4 Qe8 16. Rf3 Rd6 17. f5 h6 18. Rg3 Kh8 19. Rf1 N8h7 20. Rf4 c4 21. Be2 a5 22. Bh5 Rd7 23. Nxd7 Qxd7 24. e4 Nxe4 25. Rxe4 dxe4 26. d5 f6 27. Qxe4 Bxd5 28. Qf4 Bf7 29. Bf3 Rd8 30. h4 Qd6 31. Qxd6 Rxd6 32. Rg4 Nf8 33. Rd4 Rxd4 34. Bxd4 Nd7 35. Kf2 Kg8 36. g4 Kf8 37. Kg3 Ke7 38. g5 hxg5 39. hxg5 fxg5 1/2-1/2